Nordiques vs Lightning
(R1)
Created - April 2, 2020 at 19:10
Goals
|
| Nordiques |
0 |
0 |
2 |
0 |
0 |
2 |
| Lightning |
0 |
1 |
1 |
0 |
1 |
3 |
|
Shots
|
| Nordiques |
6 |
11 |
15 |
6 |
3 |
38 |
| Lightning |
3 |
13 |
11 |
0 |
2 |
27 |
|
1st period
No Goal
Penalties :
Cody McLeod (Que) for Goalie Interference (Minor) at 0:55, Jay Bouwmeester (Que) for High sticking (Minor) at 4:35, Maxim Talbot (Que) for Hooking (Minor) at 10:10, Mark Scheifele (TB.) for Holding (Minor) at 18:53
2nd period
1. Lightning , Henrik Zetterberg 35 (Tyler Johnson 42) at 8:42
Penalties :
Brendan Bell (TB.) for High sticking (Minor) at 2:02, Patrick Kaleta (TB.) for Charging (Minor) at 2:40, Dustin Byfuglien (Que) for Hooking (Minor) at 6:02, Kris Versteeg (TB.) for High sticking (Minor) at 8:49, Paul Gaustad (Que) for Hooking (Minor) at 11:25, Ryan Ellis (Que) for Goalie Interference (Minor) at 18:06
3rd period
2. Nordiques , Evander Kane 30 (Vladimir Tarasenko 36, David Legwand 34) at 2:06
3. Nordiques , Cody McLeod 2 (Ryan Ellis 64, Mike Brown 12) at 11:52
4. Lightning , Henrik Zetterberg 36 (Kris Versteeg 33, Tyler Johnson 43) at 19:24
Penalties :
Jiri Hudler (Que) for Hooking (Minor) at 8:53, Fedor Tyutin (Que) for Hooking (Minor) at 19:30
Overtime #1
No Goal
Penalties :
No Penalty
Shootout
Nordiques, Vladimir Tarasenko - Stopped by Jhonas Enroth
Lightning , Kris Versteeg - Goal!
Nordiques, Evander Kane - Stopped by Jhonas Enroth
Lightning , Henrik Zetterberg - Stopped by Jonathan Quick
Nordiques, David Legwand - Shot Misses the Net
Penalties :
No Penalty
Goalie Stats
Jonathan Quick (Que), 25 saves from 27 shots - (0.926), OTL, 28-13-6, 65:00 minutes
Jhonas Enroth (TB.), 36 saves from 38 shots - (0.947), W, 5-2-0, 64:40 minutes
Players Stats for Nordiques
Player Name G A P +/- PIM S H SB GA TA FO MP PP MP PK MP
------------------------------------------------------------------------------------
Adam Pineault 0 0 0 0 0 0 0 0 0 0 0/0 5:08 0:00 0:00
Cody McLeod 1 0 1 1 2 3 1 0 0 0 0/0 12:09 0:00 0:46
David Legwand 0 1 1 -1 0 1 2 1 0 1 9/20 20:36 3:43 4:40
Dustin Byfuglien 0 0 0 0 2 0 1 0 0 0 0/0 11:01 0:00 0:23
Evander Kane 1 0 1 -1 0 4 1 0 0 0 1/2 25:25 3:43 8:36
Fedor Tyutin 0 0 0 1 2 3 0 1 0 0 0/0 22:58 2:35 5:35
Jay Bouwmeester 0 0 0 -1 2 2 3 0 0 0 0/0 29:51 4:00 8:29
Jiri Hudler 0 0 0 1 2 6 1 0 0 1 0/0 15:07 2:52 0:00
Maxim Talbot 0 0 0 0 2 4 0 0 0 0 2/6 10:56 0:00 0:00
Mike Brown 0 1 1 1 0 2 1 0 0 0 1/2 13:19 0:00 2:10
Mike Fisher 0 0 0 0 0 1 0 0 0 0 1/1 4:06 0:00 0:00
Paul Gaustad 0 0 0 0 2 0 0 0 0 1 0/0 5:06 0:00 0:00
R.J. Umberger 0 0 0 0 0 1 1 0 0 0 1/2 14:17 2:52 0:09
Ryan Ellis 0 1 1 -1 2 3 2 0 0 0 0/0 28:56 4:00 7:51
T.J. Fast 0 0 0 0 0 1 1 1 0 0 0/0 13:44 0:00 3:08
Tim Connolly 0 0 0 0 0 4 1 0 0 0 4/8 19:53 2:52 4:40
Trevor Daley 0 0 0 1 0 0 0 1 0 0 0/0 23:37 2:35 6:18
Vladimir Tarasenko 0 1 1 -1 0 3 3 1 2 2 8/18 27:51 3:43 9:13
Players Stats for Lightning
Player Name G A P +/- PIM S H SB GA TA FO MP PP MP PK MP
------------------------------------------------------------------------------------
Alex Goligoski 0 0 0 0 0 0 2 1 0 0 0/0 31:38 8:44 4:25
Brendan Bell 0 0 0 1 2 0 1 0 0 0 0/0 10:41 0:00 0:04
Henrik Zetterberg 2 0 2 1 0 7 1 1 2 0 1/3 25:22 8:08 3:36
Jaden Schwartz 0 0 0 0 0 5 1 0 0 0 0/0 18:16 6:14 0:44
James Wright 0 0 0 0 0 2 1 1 0 0 2/4 11:29 0:00 0:00
Jon Merrill 0 0 0 -1 0 1 0 3 0 0 0/0 22:41 5:38 2:08
Joni Pitkanen 0 0 0 0 0 1 2 0 0 1 0/0 30:54 8:44 4:25
Justin Schultz 0 0 0 -1 0 2 3 1 0 0 0/0 22:41 5:38 2:08
Kris Versteeg 0 1 1 1 2 3 2 0 1 0 2/10 27:27 8:03 3:03
Mark Scheifele 0 0 0 -1 2 2 0 0 0 0 4/9 18:33 6:14 0:56
Patrick Kaleta 0 0 0 0 2 1 3 0 0 0 0/0 18:55 6:14 0:36
Patrick Marleau 0 0 0 0 0 2 0 0 0 0 0/0 13:22 0:00 0:17
Pierre-Luc Létourneau 0 0 0 -1 0 0 1 0 0 0 1/1 7:58 0:00 1:17
Rasmus Ristolainen 0 0 0 1 0 0 0 0 0 0 0/0 10:41 0:00 0:02
Scottie Upshall 0 0 0 -1 0 0 0 0 0 1 0/0 5:02 0:00 0:00
Theo Peckham 0 0 0 0 0 0 0 0 0 0 0/0 0:47 0:00 0:02
Tyler Johnson 0 2 2 1 0 1 3 0 1 0 22/31 22:09 8:08 1:15
Tyler Toffoli 0 0 0 0 0 0 0 0 1 0 0/1 13:24 0:05 0:00
3 Stars
1 - Henrik Zetterberg (TB.)
2 - Jhonas Enroth (TB.)
3 - Tyler Johnson (TB.)
Power Play
Nordiques - 0 on 4 Attempt(s) - 0.00%
Lightning - 0 on 8 Attempt(s) - 0.00%
Penalty Kill
Nordiques - 8 on 8 Attempt(s) - 100.00%
- Score 0 goal in Penalty Kill
Lightning - 4 on 4 Attempt(s) - 100.00%
- Score 0 goal in Penalty Kill
Team Stat
Nordiques - Hits : 18 - Faceoff Wins : 27 - Blocked Shots : 5 - Penalty Minutes : 16
Lightning - Hits : 20 - Faceoff Wins : 32 - Blocked Shots : 7 - Penalty Minutes : 8
Official
Referees : Unknown
Linesman : Unknown
Game Notes
19:24 of 3rd period - Lightning goal is going for a video replay. After video review, Goal.
Finance
Level 1 -- Attendance: 4188 (69.80%) -- Ticket Income $481,620
Level 2 -- Attendance: 4993 (99.86%) -- Ticket Income $319,552
Level 3 -- Attendance: 1634 (81.70%) -- Ticket Income $71,896
Level 4 -- Attendance: 2404 (60.10%) -- Ticket Income $96,160
Luxury Box -- Attendance: 789 (78.90%) -- Ticket Income $169,635
Game was played at the Tampa Bay Stadium.
Total Attendance: 14008 (77.82%)
Total Ticket Income: $1,138,863
Other Income: $170,829
Total Income: $1,309,692
Nordiques
5 vs 5 Forward
Center Left Wing Right Wing Time % Phy DF OF
1 David Legwand Evander Kane Vladimir Tarasenko 40 1 2 2
2 Tim Connolly R.J. Umberger Jiri Hudler 30 1 2 2
3 Maxim Talbot Cody McLeod Mike Brown 20 1 2 2
4 Paul Gaustad Vladimir Tarasenko Adam Pineault 10 1 2 2
5 vs 5 Defense
Defense Defense Time % Phy DF OF
1 Ryan Ellis Jay Bouwmeester 40 1 2 2
2 Fedor Tyutin Trevor Daley 30 1 2 2
3 Dustin Byfuglien T.J. Fast 20 1 2 2
4 Ryan Ellis Jay Bouwmeester 10 1 2 2
PowerPlay Forward
Center Left Wing Right Wing Time % Phy DF OF
1 David Legwand Evander Kane Vladimir Tarasenko 60 1 2 2
2 Tim Connolly R.J. Umberger Jiri Hudler 40 1 2 2
PowerPlay Defense
Defense Defense Time % Phy DF OF
1 Ryan Ellis Jay Bouwmeester 60 1 2 2
2 Fedor Tyutin Trevor Daley 40 1 2 2
Penalty Kill 4 Players Forward
Center Wing Time % Phy DF OF
1 Vladimir Tarasenko Evander Kane 60 1 2 2
2 David Legwand Tim Connolly 40 1 2 2
Penalty Kill 4 Players Defense
Defense Defense Time % Phy DF OF
1 Ryan Ellis Jay Bouwmeester 60 1 2 2
2 Fedor Tyutin Trevor Daley 40 1 2 2
Penalty Kill - 3 Players Forward
Forward Time % Phy DF OF
1 Vladimir Tarasenko 60 1 2 2
2 Evander Kane 40 1 2 2
Penalty Kill - 3 Players Defense
Defense Defense Time % Phy DF OF
1 Ryan Ellis Jay Bouwmeester 60 1 2 2
2 Fedor Tyutin Trevor Daley 40 1 2 2
4 vs 4 Forward
Center Wing Time % Phy DF OF
1 Vladimir Tarasenko Evander Kane 60 1 2 2
2 David Legwand Tim Connolly 40 1 2 2
4 vs 4 Defense
Defense Defense Time % Phy DF OF
1 Ryan Ellis Jay Bouwmeester 60 1 2 2
2 Fedor Tyutin Trevor Daley 40 1 2 2
Last Minutes Offensive
Center Left Wing Right Wing Defense Defense
David Legwand Evander Kane Vladimir Tarasenko Ryan Ellis Jay Bouwmeester
Last Minutes Defensive
Center Left Wing Right Wing Defense Defense
David Legwand Evander Kane Vladimir Tarasenko Ryan Ellis Jay Bouwmeester
Goaltenders
Starting : Jonathan Quick
Backup : Julien Ellis
Extra Forwards
Normal : Mike Fisher, Maxim Talbot, Mike Brown - PP : Mike Fisher, Maxim Talbot - PK : Mike Brown
Extra Defensemen
Normal : Dustin Byfuglien, T.J. Fast, Fedor Tyutin - PP : Dustin Byfuglien - PK : T.J. Fast, Fedor Tyutin
Penalty Shots
Vladimir Tarasenko, Evander Kane, David Legwand, Tim Connolly, R.J. Umberger
Scratches
Matt Gilroy (Healthy), Zac Rinaldo (Healthy), James Sheppard (Healthy)
Lightning
5 vs 5 Forward
Center Left Wing Right Wing Time % Phy DF OF
1 Tyler Johnson Henrik Zetterberg Kris Versteeg 40 1 2 2
2 Mark Scheifele Jaden Schwartz Patrick Kaleta 30 1 2 2
3 James Wright Patrick Marleau Tyler Toffoli 20 1 2 2
4 Kris Versteeg Pierre-Luc Létourneau Scottie Upshall 10 1 2 2
5 vs 5 Defense
Defense Defense Time % Phy DF OF
1 Alex Goligoski Joni Pitkanen 40 1 2 2
2 Justin Schultz Jon Merrill 30 1 2 2
3 Brendan Bell Rasmus Ristolainen 20 1 2 2
4 Theo Peckham Alex Goligoski 10 1 2 2
PowerPlay Forward
Center Left Wing Right Wing Time % Phy DF OF
1 Tyler Johnson Henrik Zetterberg Kris Versteeg 60 1 2 2
2 Mark Scheifele Jaden Schwartz Patrick Kaleta 40 1 2 2
PowerPlay Defense
Defense Defense Time % Phy DF OF
1 Alex Goligoski Joni Pitkanen 60 1 2 2
2 Justin Schultz Jon Merrill 40 1 2 2
Penalty Kill 4 Players Forward
Center Wing Time % Phy DF OF
1 Kris Versteeg Henrik Zetterberg 60 1 2 2
2 Tyler Johnson Patrick Kaleta 40 1 2 2
Penalty Kill 4 Players Defense
Defense Defense Time % Phy DF OF
1 Alex Goligoski Joni Pitkanen 60 1 2 2
2 Justin Schultz Jon Merrill 40 1 2 2
Penalty Kill - 3 Players Forward
Forward Time % Phy DF OF
1 Kris Versteeg 60 1 2 2
2 Henrik Zetterberg 40 1 2 2
Penalty Kill - 3 Players Defense
Defense Defense Time % Phy DF OF
1 Alex Goligoski Joni Pitkanen 60 1 2 2
2 Justin Schultz Jon Merrill 40 1 2 2
4 vs 4 Forward
Center Wing Time % Phy DF OF
1 Kris Versteeg Henrik Zetterberg 60 1 2 2
2 Tyler Johnson Patrick Kaleta 40 1 2 2
4 vs 4 Defense
Defense Defense Time % Phy DF OF
1 Alex Goligoski Joni Pitkanen 60 1 2 2
2 Justin Schultz Jon Merrill 40 1 2 2
Last Minutes Offensive
Center Left Wing Right Wing Defense Defense
Tyler Johnson Henrik Zetterberg Kris Versteeg Alex Goligoski Joni Pitkanen
Last Minutes Defensive
Center Left Wing Right Wing Defense Defense
Tyler Johnson Henrik Zetterberg Kris Versteeg Alex Goligoski Joni Pitkanen
Goaltenders
Starting : Jhonas Enroth
Backup : Philipp Grubauer
Extra Forwards
Normal : Tyler Toffoli, Patrick Marleau, Pierre-Luc Létourneau - PP : Tyler Toffoli, Patrick Marleau - PK : Pierre-Luc Létourneau
Extra Defensemen
Normal : Brendan Bell, Rasmus Ristolainen, Theo Peckham - PP : Brendan Bell - PK : Rasmus Ristolainen, Theo Peckham
Penalty Shots
Kris Versteeg, Henrik Zetterberg, Tyler Johnson, Patrick Kaleta, Tyler Toffoli
Scratches
Darren Helm (Healthy), Mikael Backlund (Healthy), Andrew Hammond (Healthy)
% Time on Ice - Nordiques
Lines # - Real PCT - Wanted PCT - Time Play
Normal Forward
1 - 31% - 40% - 11:57
2 - 31% - 30% - 11:51
3 - 25% - 20% - 9:42
4 - 13% - 10% - 4:56
Normal Defense
1 - 41% - 40% - 15:50
2 - 35% - 30% - 13:33
3 - 24% - 20% - 9:03
4 - 0% - 10% - 0:00
PP Forward
1 - 56% - 60% - 3:43
2 - 44% - 40% - 2:52
PP Defense
1 - 61% - 60% - 4:00
2 - 39% - 40% - 2:35
PK Forward
1 - 68% - 60% - 9:42
2 - 32% - 40% - 4:40
PK Defense
1 - 61% - 60% - 8:47
2 - 39% - 40% - 5:35
PK3 Forward
1 - 89% - 60% - 1:20
2 - 11% - 40% - 0:10
PK3 Defense
1 - 52% - 60% - 0:47
2 - 48% - 40% - 0:43
44 Forward
1 - 72% - 60% - 2:32
2 - 28% - 40% - 0:58
44 Defense
1 - 66% - 60% - 2:19
2 - 34% - 40% - 1:11
Last Minute Offensive - 0:00
Last Minute Defensive - 0:37
Total
Forward - 65:00
Defense - 65:00
|
% Time on Ice - Lightning
Lines # - Real PCT - Wanted PCT - Time Play
Normal Forward
1 - 29% - 40% - 11:09
2 - 28% - 30% - 10:45
3 - 30% - 20% - 11:29
4 - 13% - 10% - 5:02
Normal Defense
1 - 40% - 40% - 15:20
2 - 33% - 30% - 12:48
3 - 25% - 20% - 9:33
4 - 2% - 10% - 0:44
PP Forward
1 - 57% - 60% - 8:08
2 - 43% - 40% - 6:14
PP Defense
1 - 61% - 60% - 8:44
2 - 39% - 40% - 5:38
PK Forward
1 - 84% - 60% - 4:23
2 - 16% - 40% - 0:51
PK Defense
1 - 68% - 60% - 3:34
2 - 32% - 40% - 1:40
PK3 Forward
1 - 80% - 60% - 1:05
2 - 20% - 40% - 0:16
PK3 Defense
1 - 65% - 60% - 0:53
2 - 35% - 40% - 0:28
44 Forward
1 - 73% - 60% - 3:40
2 - 27% - 40% - 1:20
44 Defense
1 - 58% - 60% - 2:53
2 - 42% - 40% - 2:07
Last Minute Offensive - 0:38
Last Minute Defensive - 0:00
Total
Forward - 65:00
Defense - 65:00
|
Play-by-Play
1st period
0:01 of 1st period - Tyler Johnson wins face-off versus David Legwand in neutral zone.
0:55 of 1st period - Minor Penalty to Cody McLeod for Goalie Interference.
0:56 of 1st period - Tyler Johnson wins face-off versus Vladimir Tarasenko in Nordiques zone.
0:56 of 1st period - Slapshot by Henrik Zetterberg.
0:56 of 1st period - Shot Misses the Net.
2:12 of 1st period - Trevor Daley is hit by Kris Versteeg.
2:46 of 1st period - Tim Connolly is hit by Tyler Johnson and loses puck.
2:55 of 1st period - Penalty to Cody McLeod is over, Cody McLeod is back on ice.
3:09 of 1st period - Ryan Ellis is hit by Joni Pitkanen and loses puck.
4:35 of 1st period - Minor Penalty to Jay Bouwmeester for High sticking.
4:36 of 1st period - Tyler Johnson wins face-off versus Vladimir Tarasenko in Nordiques zone.
5:02 of 1st period - Vladimir Tarasenko is hit by Patrick Kaleta and loses puck.
6:35 of 1st period - Penalty to Jay Bouwmeester is over, Jay Bouwmeester is back on ice.
6:49 of 1st period - Slapshot by James Wright.
6:49 of 1st period - Stopped by Jonathan Quick with a rebound.
7:05 of 1st period - Snap shot by Maxim Talbot.
7:05 of 1st period - Shot Misses the Net.
7:07 of 1st period - Wrist shot by Maxim Talbot.
7:07 of 1st period - Shot Misses the Net.
7:09 of 1st period - Slapshot by T.J. Fast.
7:09 of 1st period - Deflect By Maxim Talbot.
7:09 of 1st period - Stopped by Jhonas Enroth with a rebound.
7:19 of 1st period - Wrist shot by Jiri Hudler.
7:19 of 1st period - Stopped by Jhonas Enroth with a rebound.
7:52 of 1st period - Snap shot by Maxim Talbot.
7:52 of 1st period - Shot Misses the Net.
7:54 of 1st period - Slapshot by Trevor Daley.
7:54 of 1st period - Shot Misses the Net.
9:24 of 1st period - Wrist shot by Maxim Talbot.
9:24 of 1st period - Shot Blocked by Jon Merrill.
9:26 of 1st period - Wrist shot by Cody McLeod.
9:26 of 1st period - Stopped by Jhonas Enroth without a rebound.
9:27 of 1st period - Tyler Johnson wins face-off versus Maxim Talbot in Lightning zone.
9:53 of 1st period - Icing by Tyler Toffoli.
9:54 of 1st period - Maxim Talbot wins face-off versus Tyler Johnson in Lightning zone.
10:10 of 1st period - Minor Penalty to Maxim Talbot for Hooking.
10:11 of 1st period - Vladimir Tarasenko wins face-off versus Tyler Johnson in Nordiques zone.
10:19 of 1st period - Snap shot by Evander Kane.
10:19 of 1st period - Stopped by Jhonas Enroth without a rebound.
10:20 of 1st period - Vladimir Tarasenko wins face-off versus Henrik Zetterberg in Lightning zone.
10:53 of 1st period - Wrist shot by Mark Scheifele.
10:53 of 1st period - Shot Misses the Net.
10:55 of 1st period - Wrist shot by Mark Scheifele.
10:55 of 1st period - Stopped by Jonathan Quick without a rebound.
10:56 of 1st period - Tyler Johnson wins face-off versus Vladimir Tarasenko in Nordiques zone.
10:57 of 1st period - Wrist shot by Henrik Zetterberg.
10:57 of 1st period - Stopped by Jonathan Quick without a rebound.
10:58 of 1st period - Tyler Johnson wins face-off versus Vladimir Tarasenko in Nordiques zone.
12:10 of 1st period - Penalty to Maxim Talbot is over, Maxim Talbot is back on ice.
12:11 of 1st period - Evander Kane is hit by Alex Goligoski.
12:17 of 1st period - Wrist shot by Vladimir Tarasenko.
12:17 of 1st period - Shot Misses the Net.
15:21 of 1st period - Vladimir Tarasenko is hit by Patrick Kaleta and loses puck.
15:53 of 1st period - Backhand shot by Fedor Tyutin.
15:53 of 1st period - Stopped by Jhonas Enroth with a rebound.
16:29 of 1st period - Joni Pitkanen is hit by Ryan Ellis and loses puck.
17:17 of 1st period - Patrick Marleau is hit by Evander Kane and loses puck.
17:30 of 1st period - Jiri Hudler is hit by Jaden Schwartz and loses puck.
18:30 of 1st period - Brendan Bell is hit by Jay Bouwmeester and loses puck.
18:53 of 1st period - Minor Penalty to Mark Scheifele for Holding.
18:54 of 1st period - David Legwand wins face-off versus Kris Versteeg in Lightning zone.
19:25 of 1st period - Backhand shot by R.J. Umberger.
19:25 of 1st period - Deflect By Tim Connolly.
19:25 of 1st period - Shot Misses the Net.
19:25 of 1st period - Puck is out of play.
19:26 of 1st period - R.J. Umberger wins face-off versus Kris Versteeg in Lightning zone.
19:29 of 1st period - Wrist shot by Fedor Tyutin.
19:29 of 1st period - Shot Misses the Net.
19:31 of 1st period - Snap shot by Fedor Tyutin.
19:31 of 1st period - Shot Blocked by Justin Schultz.
19:33 of 1st period - Snap shot by R.J. Umberger.
19:33 of 1st period - Shot Blocked by Henrik Zetterberg.
19:35 of 1st period - Slapshot by Jiri Hudler.
19:35 of 1st period - Stopped by Jhonas Enroth without a rebound.
19:36 of 1st period - Henrik Zetterberg wins face-off versus David Legwand in Lightning zone.
Goals for this period are 0 for Nordiques vs 0 for Lightning .
Shots for this period are 6 for Nordiques vs 3 for Lightning .
2nd period
0:01 of 2nd period - Kris Versteeg wins face-off versus David Legwand in neutral zone.
0:53 of 2nd period - Penalty to Mark Scheifele is over, Mark Scheifele is back on ice.
1:11 of 2nd period - Slapshot by Tyler Toffoli.
1:11 of 2nd period - Deflect By Jaden Schwartz.
1:11 of 2nd period - Stopped by Jonathan Quick with a rebound.
1:19 of 2nd period - Wrist shot by Patrick Kaleta.
1:19 of 2nd period - Stopped by Jonathan Quick with a rebound.
1:29 of 2nd period - Rasmus Ristolainen is hit by R.J. Umberger and loses puck.
1:38 of 2nd period - Wrist shot by R.J. Umberger.
1:38 of 2nd period - Deflect By Tim Connolly.
1:38 of 2nd period - Stopped by Jhonas Enroth with a rebound.
1:56 of 2nd period - Snap shot by Vladimir Tarasenko.
1:56 of 2nd period - Stopped by Jhonas Enroth with a rebound.
2:02 of 2nd period - Minor Penalty to Brendan Bell for High sticking.
2:03 of 2nd period - David Legwand wins face-off versus Kris Versteeg in Lightning zone.
2:06 of 2nd period - Snap shot by Vladimir Tarasenko.
2:06 of 2nd period - Shot Misses the Net.
2:08 of 2nd period - Snap shot by Evander Kane.
2:08 of 2nd period - Shot Misses the Net.
2:10 of 2nd period - Snap shot by Evander Kane.
2:10 of 2nd period - Shot Misses the Net.
2:12 of 2nd period - Wrist shot by Evander Kane.
2:12 of 2nd period - Shot Misses the Net.
2:28 of 2nd period - R.J. Umberger is hit by Alex Goligoski and loses puck.
2:40 of 2nd period - Minor Penalty to Patrick Kaleta for Charging.
2:41 of 2nd period - David Legwand wins face-off versus Kris Versteeg in Lightning zone.
3:18 of 2nd period - Snap shot by Jiri Hudler.
3:18 of 2nd period - Stopped by Jhonas Enroth with a rebound.
3:50 of 2nd period - Pierre-Luc Létourneau is hit by Vladimir Tarasenko and loses puck.
4:02 of 2nd period - Penalty to Brendan Bell is over, Brendan Bell is back on ice.
4:40 of 2nd period - Penalty to Patrick Kaleta is over, Patrick Kaleta is back on ice.
6:02 of 2nd period - Minor Penalty to Dustin Byfuglien for Hooking.
6:03 of 2nd period - Tyler Johnson wins face-off versus Vladimir Tarasenko in Nordiques zone.
6:14 of 2nd period - Snap shot by Henrik Zetterberg.
6:14 of 2nd period - Shot Misses the Net.
6:30 of 2nd period - Alex Goligoski is hit by David Legwand.
7:07 of 2nd period - Jay Bouwmeester is hit by Justin Schultz and loses puck.
7:32 of 2nd period - Snap shot by Mike Brown.
7:32 of 2nd period - Stopped by Jhonas Enroth without a rebound.
7:33 of 2nd period - Mike Brown wins face-off versus Tyler Johnson in Lightning zone.
7:34 of 2nd period - Slapshot by Fedor Tyutin.
7:34 of 2nd period - Stopped by Jhonas Enroth without a rebound.
7:35 of 2nd period - Tyler Johnson wins face-off versus Mike Brown in Lightning zone.
8:02 of 2nd period - Penalty to Dustin Byfuglien is over, Dustin Byfuglien is back on ice.
8:14 of 2nd period - Slapshot by Ryan Ellis.
8:14 of 2nd period - Stopped by Jhonas Enroth with a rebound.
8:18 of 2nd period - Wrist shot by R.J. Umberger.
8:18 of 2nd period - Stopped by Jhonas Enroth with a rebound.
8:20 of 2nd period - Slapshot by Jiri Hudler.
8:20 of 2nd period - Stopped by Jhonas Enroth with a rebound.
8:22 of 2nd period - Slapshot by Tim Connolly.
8:22 of 2nd period - Shot Blocked by James Wright.
8:24 of 2nd period - Slapshot by Jay Bouwmeester.
8:24 of 2nd period - Deflect By R.J. Umberger.
8:24 of 2nd period - Shot Misses the Net.
8:24 of 2nd period - Puck is out of play.
8:25 of 2nd period - Tyler Johnson wins face-off versus Evander Kane in Lightning zone.
8:34 of 2nd period - Wrist shot by Tyler Johnson.
8:34 of 2nd period - Shot Misses the Net.
8:36 of 2nd period - Slapshot by Jon Merrill.
8:36 of 2nd period - Stopped by Jonathan Quick without a rebound.
8:37 of 2nd period - Tyler Johnson wins face-off versus David Legwand in Nordiques zone.
8:42 of 2nd period - Snap shot by Henrik Zetterberg.
8:42 of 2nd period - Goal by Henrik Zetterberg - Nordiques : 0 - Lightning : 1.
8:43 of 2nd period - Tyler Johnson wins face-off versus David Legwand in neutral zone.
8:49 of 2nd period - Minor Penalty to Kris Versteeg for High sticking.
8:50 of 2nd period - Pierre-Luc Létourneau wins face-off versus David Legwand in Lightning zone.
9:05 of 2nd period - Snap shot by Vladimir Tarasenko.
9:05 of 2nd period - Shot Misses the Net.
9:07 of 2nd period - Slapshot by David Legwand.
9:07 of 2nd period - Shot Misses the Net.
10:49 of 2nd period - Penalty to Kris Versteeg is over, Kris Versteeg is back on ice.
11:23 of 2nd period - Wrist shot by Jon Merrill.
11:23 of 2nd period - Shot Blocked by Fedor Tyutin.
11:25 of 2nd period - Minor Penalty to Paul Gaustad for Hooking.
11:26 of 2nd period - Vladimir Tarasenko wins face-off versus Tyler Johnson in Nordiques zone.
11:37 of 2nd period - Evander Kane is hit by Tyler Johnson and loses puck.
11:56 of 2nd period - Snap shot by Mark Scheifele.
11:56 of 2nd period - Stopped by Jonathan Quick with a rebound.
11:58 of 2nd period - Snap shot by Mark Scheifele.
11:58 of 2nd period - Deflect By Jaden Schwartz.
11:58 of 2nd period - Shot Misses the Net.
11:58 of 2nd period - Puck is out of play.
11:59 of 2nd period - Mark Scheifele wins face-off versus Vladimir Tarasenko in Nordiques zone.
12:48 of 2nd period - Slapshot by Justin Schultz.
12:48 of 2nd period - Stopped by Jonathan Quick with a rebound.
13:25 of 2nd period - Penalty to Paul Gaustad is over, Paul Gaustad is back on ice.
14:11 of 2nd period - Rasmus Ristolainen is hit by Dustin Byfuglien.
14:21 of 2nd period - Slapshot by Dustin Byfuglien.
14:21 of 2nd period - Deflect By Jiri Hudler.
14:21 of 2nd period - Stopped by Jhonas Enroth with a rebound.
15:07 of 2nd period - Icing by Fedor Tyutin.
15:08 of 2nd period - Mark Scheifele wins face-off versus Tim Connolly in Nordiques zone.
15:13 of 2nd period - Slapshot by Jaden Schwartz.
15:13 of 2nd period - Stopped by Jonathan Quick with a rebound.
15:17 of 2nd period - Snap shot by Jaden Schwartz.
15:17 of 2nd period - Shot Misses the Net.
15:47 of 2nd period - Snap shot by Justin Schultz.
15:47 of 2nd period - Shot Misses the Net.
15:49 of 2nd period - Snap shot by Patrick Marleau.
15:49 of 2nd period - Shot Misses the Net.
15:51 of 2nd period - Snap shot by Patrick Marleau.
15:51 of 2nd period - Stopped by Jonathan Quick with a rebound.
16:21 of 2nd period - Alex Goligoski is hit by T.J. Fast and loses puck.
16:36 of 2nd period - Snap shot by Tyler Johnson.
16:36 of 2nd period - Shot Blocked by David Legwand.
16:46 of 2nd period - Tyler Toffoli is hit by Mike Brown and loses puck.
16:51 of 2nd period - Snap shot by Mike Brown.
16:51 of 2nd period - Shot Misses the Net.
16:53 of 2nd period - Slapshot by T.J. Fast.
16:53 of 2nd period - Deflect By Tyler Toffoli.
16:53 of 2nd period - Stopped by Jhonas Enroth with a rebound.
16:55 of 2nd period - Backhand shot by Dustin Byfuglien.
16:55 of 2nd period - Shot Misses the Net.
17:25 of 2nd period - Wrist shot by Henrik Zetterberg.
17:25 of 2nd period - Stopped by Jonathan Quick with a rebound.
17:27 of 2nd period - Snap shot by Justin Schultz.
17:27 of 2nd period - Stopped by Jonathan Quick without a rebound.
17:28 of 2nd period - Mark Scheifele wins face-off versus Maxim Talbot in Nordiques zone.
17:43 of 2nd period - Slapshot by Jay Bouwmeester.
17:43 of 2nd period - Deflect By Jaden Schwartz.
17:43 of 2nd period - Stopped by Jhonas Enroth without a rebound.
17:44 of 2nd period - Tyler Johnson wins face-off versus David Legwand in Lightning zone.
17:44 of 2nd period - Tyler Johnson is hit by David Legwand.
17:58 of 2nd period - Wrist shot by Kris Versteeg.
17:58 of 2nd period - Stopped by Jonathan Quick with a rebound.
18:00 of 2nd period - Slapshot by Henrik Zetterberg.
18:00 of 2nd period - Shot Misses the Net.
18:06 of 2nd period - Minor Penalty to Ryan Ellis for Goalie Interference.
18:07 of 2nd period - Vladimir Tarasenko wins face-off versus Tyler Johnson in Nordiques zone.
18:15 of 2nd period - Icing by Henrik Zetterberg.
18:16 of 2nd period - Tyler Johnson wins face-off versus Vladimir Tarasenko in Lightning zone.
18:33 of 2nd period - T.J. Fast is hit by Henrik Zetterberg and loses puck.
18:48 of 2nd period - Fedor Tyutin is hit by Kris Versteeg and loses puck.
18:55 of 2nd period - Slapshot by Kris Versteeg.
18:55 of 2nd period - Stopped by Jonathan Quick without a rebound.
18:56 of 2nd period - Vladimir Tarasenko wins face-off versus Mark Scheifele in Nordiques zone.
19:13 of 2nd period - Snap shot by Jaden Schwartz.
19:13 of 2nd period - Stopped by Jonathan Quick without a rebound.
19:14 of 2nd period - Evander Kane wins face-off versus Tyler Johnson in Nordiques zone.
19:42 of 2nd period - Jay Bouwmeester is hit by Patrick Kaleta and loses puck.
19:47 of 2nd period - Slapshot by Alex Goligoski.
19:47 of 2nd period - Shot Blocked by T.J. Fast.
Goals for this period are 0 for Nordiques vs 1 for Lightning .
Shots for this period are 11 for Nordiques vs 13 for Lightning .
3rd period
0:01 of 3rd period - Tyler Johnson wins face-off versus Vladimir Tarasenko in neutral zone.
0:04 of 3rd period - Slapshot by Joni Pitkanen.
0:04 of 3rd period - Stopped by Jonathan Quick with a rebound.
0:06 of 3rd period - Penalty to Ryan Ellis is over, Ryan Ellis is back on ice.
0:12 of 3rd period - Snap shot by Vladimir Tarasenko.
0:12 of 3rd period - Shot Misses the Net.
0:14 of 3rd period - Slapshot by Jay Bouwmeester.
0:14 of 3rd period - Deflect By Evander Kane.
0:14 of 3rd period - Shot Misses the Net.
0:14 of 3rd period - Puck is out of play.
0:15 of 3rd period - Tyler Johnson wins face-off versus David Legwand in Lightning zone.
0:28 of 3rd period - Tyler Johnson is hit by Jay Bouwmeester and loses puck.
1:07 of 3rd period - Snap shot by Mike Brown.
1:07 of 3rd period - Shot Blocked by Jon Merrill.
1:09 of 3rd period - Slapshot by Jay Bouwmeester.
1:09 of 3rd period - Shot Blocked by Jon Merrill.
1:11 of 3rd period - Slapshot by Jay Bouwmeester.
1:11 of 3rd period - Stopped by Jhonas Enroth without a rebound.
1:12 of 3rd period - Tyler Johnson wins face-off versus David Legwand in Lightning zone.
1:17 of 3rd period - Wrist shot by Evander Kane.
1:17 of 3rd period - Shot Misses the Net.
1:19 of 3rd period - Slapshot by David Legwand.
1:19 of 3rd period - Deflect By Kris Versteeg.
1:19 of 3rd period - Shot Misses the Net.
1:19 of 3rd period - Puck is out of play.
1:20 of 3rd period - Tyler Johnson wins face-off versus David Legwand in Lightning zone.
1:25 of 3rd period - David Legwand is hit by Justin Schultz and loses puck.
1:36 of 3rd period - Snap shot by David Legwand.
1:36 of 3rd period - Shot Misses the Net.
1:38 of 3rd period - Wrist shot by David Legwand.
1:38 of 3rd period - Stopped by Jhonas Enroth with a rebound.
1:40 of 3rd period - Snap shot by Fedor Tyutin.
1:40 of 3rd period - Deflect By Kris Versteeg.
1:40 of 3rd period - Stopped by Jhonas Enroth with a rebound.
1:44 of 3rd period - Slapshot by Evander Kane.
1:44 of 3rd period - Stopped by Jhonas Enroth with a rebound.
1:46 of 3rd period - Snap shot by Vladimir Tarasenko.
1:46 of 3rd period - Shot Misses the Net.
2:06 of 3rd period - Wrist shot by Evander Kane.
2:06 of 3rd period - Deflect By Henrik Zetterberg.
2:06 of 3rd period - Goal by Evander Kane - Nordiques : 1 - Lightning : 1.
2:07 of 3rd period - Tim Connolly wins face-off versus Mark Scheifele in neutral zone.
2:19 of 3rd period - Snap shot by Jiri Hudler.
2:19 of 3rd period - Stopped by Jhonas Enroth with a rebound.
2:27 of 3rd period - Jaden Schwartz is hit by Jiri Hudler.
2:39 of 3rd period - Wrist shot by Mike Brown.
2:39 of 3rd period - Stopped by Jhonas Enroth without a rebound.
2:40 of 3rd period - Maxim Talbot wins face-off versus James Wright in Lightning zone.
2:53 of 3rd period - Slapshot by Fedor Tyutin.
2:53 of 3rd period - Shot Misses the Net.
3:21 of 3rd period - Snap shot by Maxim Talbot.
3:21 of 3rd period - Stopped by Jhonas Enroth without a rebound.
3:22 of 3rd period - David Legwand wins face-off versus Tyler Johnson in Lightning zone.
3:48 of 3rd period - Tim Connolly is hit by Joni Pitkanen and loses puck.
4:31 of 3rd period - Slapshot by James Wright.
4:31 of 3rd period - Stopped by Jonathan Quick with a rebound.
4:33 of 3rd period - Snap shot by Patrick Marleau.
4:33 of 3rd period - Stopped by Jonathan Quick without a rebound.
4:34 of 3rd period - David Legwand wins face-off versus Mark Scheifele in Nordiques zone.
5:03 of 3rd period - Slapshot by Evander Kane.
5:03 of 3rd period - Stopped by Jhonas Enroth with a rebound.
5:16 of 3rd period - Off-side.
5:17 of 3rd period - Tim Connolly wins face-off versus Kris Versteeg in neutral zone.
5:30 of 3rd period - Jiri Hudler is hit by Tyler Johnson and loses puck.
5:43 of 3rd period - Joni Pitkanen is hit by Cody McLeod.
7:39 of 3rd period - Off-side.
7:40 of 3rd period - Tim Connolly wins face-off versus James Wright in neutral zone.
8:05 of 3rd period - Snap shot by Jaden Schwartz.
8:05 of 3rd period - Shot Misses the Net.
8:07 of 3rd period - Slapshot by Joni Pitkanen.
8:07 of 3rd period - Shot Misses the Net.
8:09 of 3rd period - Wrist shot by Jaden Schwartz.
8:09 of 3rd period - Stopped by Jonathan Quick with a rebound.
8:11 of 3rd period - Snap shot by Jaden Schwartz.
8:11 of 3rd period - Stopped by Jonathan Quick without a rebound.
8:12 of 3rd period - David Legwand wins face-off versus Mark Scheifele in Nordiques zone.
8:29 of 3rd period - Slapshot by Vladimir Tarasenko.
8:29 of 3rd period - Stopped by Jhonas Enroth without a rebound.
8:30 of 3rd period - Tim Connolly wins face-off versus Tyler Johnson in Lightning zone.
8:44 of 3rd period - Alex Goligoski is hit by Jay Bouwmeester and loses puck.
8:47 of 3rd period - Snap shot by Tyler Johnson.
8:47 of 3rd period - Shot Misses the Net.
8:53 of 3rd period - Minor Penalty to Jiri Hudler for Hooking.
8:54 of 3rd period - Tyler Johnson wins face-off versus Vladimir Tarasenko in Nordiques zone.
9:27 of 3rd period - Wrist shot by Tyler Johnson.
9:27 of 3rd period - Stopped by Jonathan Quick without a rebound.
9:28 of 3rd period - Vladimir Tarasenko wins face-off versus Mark Scheifele in Nordiques zone.
9:41 of 3rd period - Snap shot by Jaden Schwartz.
9:41 of 3rd period - Shot Misses the Net.
10:53 of 3rd period - Penalty to Jiri Hudler is over, Jiri Hudler is back on ice.
10:56 of 3rd period - Jaden Schwartz is hit by Ryan Ellis and loses puck.
11:44 of 3rd period - Slapshot by Ryan Ellis.
11:44 of 3rd period - Stopped by Jhonas Enroth with a rebound.
11:46 of 3rd period - Slapshot by Cody McLeod.
11:46 of 3rd period - Shot Misses the Net.
11:48 of 3rd period - Backhand shot by Ryan Ellis.
11:48 of 3rd period - Shot Hit the Post.
11:50 of 3rd period - Slapshot by Cody McLeod.
11:50 of 3rd period - Deflect By Scottie Upshall.
11:50 of 3rd period - Stopped by Jhonas Enroth with a rebound.
11:52 of 3rd period - Wrist shot by Cody McLeod.
11:52 of 3rd period - Goal by Cody McLeod - Nordiques : 2 - Lightning : 1.
11:53 of 3rd period - Tyler Johnson wins face-off versus David Legwand in neutral zone.
12:55 of 3rd period - Wrist shot by Kris Versteeg.
12:55 of 3rd period - Shot Blocked by Trevor Daley.
12:57 of 3rd period - Slapshot by Justin Schultz.
12:57 of 3rd period - Shot Blocked by Vladimir Tarasenko.
12:59 of 3rd period - Slapshot by Scottie Upshall.
12:59 of 3rd period - Shot Misses the Net.
13:01 of 3rd period - Backhand shot by Kris Versteeg.
13:01 of 3rd period - Stopped by Jonathan Quick with a rebound.
14:01 of 3rd period - Jay Bouwmeester is hit by Justin Schultz and loses puck.
14:14 of 3rd period - Slapshot by Ryan Ellis.
14:14 of 3rd period - Deflect By R.J. Umberger.
14:14 of 3rd period - Shot Misses the Net.
14:14 of 3rd period - Puck is out of play.
14:15 of 3rd period - James Wright wins face-off versus Tim Connolly in Lightning zone.
14:17 of 3rd period - Icing by Joni Pitkanen.
14:18 of 3rd period - James Wright wins face-off versus Tim Connolly in Lightning zone.
14:32 of 3rd period - Jay Bouwmeester is hit by James Wright and loses puck.
14:37 of 3rd period - Snap shot by Tim Connolly.
14:37 of 3rd period - Stopped by Jhonas Enroth without a rebound.
14:38 of 3rd period - David Legwand wins face-off versus Henrik Zetterberg in Lightning zone.
14:47 of 3rd period - Snap shot by Vladimir Tarasenko.
14:47 of 3rd period - Stopped by Jhonas Enroth with a rebound.
17:11 of 3rd period - Icing by T.J. Fast.
17:12 of 3rd period - Kris Versteeg wins face-off versus R.J. Umberger in Nordiques zone.
17:15 of 3rd period - Snap shot by Tyler Johnson.
17:15 of 3rd period - Deflect By Henrik Zetterberg.
17:15 of 3rd period - Stopped by Jonathan Quick without a rebound.
17:16 of 3rd period - Tyler Johnson wins face-off versus Tim Connolly in Nordiques zone.
17:23 of 3rd period - Snap shot by Henrik Zetterberg.
17:23 of 3rd period - Stopped by Jonathan Quick without a rebound.
17:24 of 3rd period - Tyler Johnson wins face-off versus Maxim Talbot in Nordiques zone.
18:02 of 3rd period - Slapshot by Ryan Ellis.
18:02 of 3rd period - Shot Blocked by Alex Goligoski.
18:32 of 3rd period - Tyler Johnson is hit by Vladimir Tarasenko and loses puck.
19:04 of 3rd period - Lightning , Jhonas Enroth is pulled from the net.
19:18 of 3rd period - Snap shot by Tyler Johnson.
19:18 of 3rd period - Deflect By Henrik Zetterberg.
19:18 of 3rd period - Stopped by Jonathan Quick with a rebound.
19:20 of 3rd period - Snap shot by Kris Versteeg.
19:20 of 3rd period - Shot Misses the Net.
19:22 of 3rd period - Wrist shot by Kris Versteeg.
19:22 of 3rd period - Shot Misses the Net.
19:24 of 3rd period - Slapshot by Henrik Zetterberg.
19:24 of 3rd period - Lightning goal is going for a video replay.
19:24 of 3rd period - The goal is good.
19:24 of 3rd period - Goal by Henrik Zetterberg - Nordiques : 2 - Lightning : 2.
19:24 of 3rd period - Jhonas Enroth from Lightning was sent back in the game.
19:25 of 3rd period - Tyler Johnson wins face-off versus Maxim Talbot in neutral zone.
19:30 of 3rd period - Minor Penalty to Fedor Tyutin for Hooking.
19:31 of 3rd period - Mark Scheifele wins face-off versus Vladimir Tarasenko in Nordiques zone.
Goals for this period are 2 for Nordiques vs 1 for Lightning .
Shots for this period are 15 for Nordiques vs 11 for Lightning .
Overtime #1
0:01 of 1st overtime period - Vladimir Tarasenko wins face-off versus Kris Versteeg in neutral zone.
0:04 of 1st overtime period - Henrik Zetterberg is hit by Vladimir Tarasenko and loses puck.
1:30 of 1st overtime period - Penalty to Fedor Tyutin is over, Fedor Tyutin is back on ice.
2:20 of 1st overtime period - Henrik Zetterberg is hit by Tim Connolly and loses puck.
3:18 of 1st overtime period - Cody McLeod is hit by Brendan Bell and loses puck.
3:35 of 1st overtime period - Dustin Byfuglien is hit by Pierre-Luc Létourneau and loses puck.
3:58 of 1st overtime period - Slapshot by Fedor Tyutin.
3:58 of 1st overtime period - Deflect By Maxim Talbot.
3:58 of 1st overtime period - Stopped by Jhonas Enroth without a rebound.
3:59 of 1st overtime period - Mike Fisher wins face-off versus Tyler Toffoli in Lightning zone.
4:02 of 1st overtime period - Slapshot by Mike Fisher.
4:02 of 1st overtime period - Shot Misses the Net.
4:04 of 1st overtime period - Wrist shot by Maxim Talbot.
4:04 of 1st overtime period - Stopped by Jhonas Enroth with a rebound.
4:06 of 1st overtime period - Wrist shot by Mike Fisher.
4:06 of 1st overtime period - Stopped by Jhonas Enroth without a rebound.
4:07 of 1st overtime period - Vladimir Tarasenko wins face-off versus Kris Versteeg in Lightning zone.
4:14 of 1st overtime period - Snap shot by Evander Kane.
4:14 of 1st overtime period - Shot Misses the Net.
4:16 of 1st overtime period - Slapshot by Ryan Ellis.
4:16 of 1st overtime period - Stopped by Jhonas Enroth with a rebound.
4:45 of 1st overtime period - Slapshot by Jay Bouwmeester.
4:45 of 1st overtime period - Deflect By Tim Connolly.
4:45 of 1st overtime period - Shot Misses the Net.
4:45 of 1st overtime period - Puck is out of play.
4:46 of 1st overtime period - David Legwand wins face-off versus Tyler Johnson in Lightning zone.
4:47 of 1st overtime period - Wrist shot by Tim Connolly.
4:47 of 1st overtime period - Stopped by Jhonas Enroth with a rebound.
4:49 of 1st overtime period - Slapshot by Fedor Tyutin.
4:49 of 1st overtime period - Shot Misses the Net.
4:51 of 1st overtime period - Slapshot by David Legwand.
4:51 of 1st overtime period - Deflect By Tim Connolly.
4:51 of 1st overtime period - Stopped by Jhonas Enroth without a rebound.
4:52 of 1st overtime period - David Legwand wins face-off versus Kris Versteeg in Lightning zone.
Goals for this period are 0 for Nordiques vs 0 for Lightning .
Shots for this period are 6 for Nordiques vs 0 for Lightning .
ShootOut
5:00 of 1st overtime period - Round #1.
5:00 of 1st overtime period - Nordiques, Vladimir Tarasenko.
5:00 of 1st overtime period - Wrist shot by Vladimir Tarasenko.
5:00 of 1st overtime period - Stopped by Jhonas Enroth.
5:00 of 1st overtime period - Lightning , Kris Versteeg.
5:00 of 1st overtime period - Wrist shot by Kris Versteeg.
5:00 of 1st overtime period - Goal by Kris Versteeg.
5:00 of 1st overtime period - Round #2.
5:00 of 1st overtime period - Nordiques, Evander Kane.
5:00 of 1st overtime period - Wrist shot by Evander Kane.
5:00 of 1st overtime period - Stopped by Jhonas Enroth.
5:00 of 1st overtime period - Lightning , Henrik Zetterberg.
5:00 of 1st overtime period - Wrist shot by Henrik Zetterberg.
5:00 of 1st overtime period - Stopped by Jonathan Quick.
5:00 of 1st overtime period - Round #3.
5:00 of 1st overtime period - Nordiques, David Legwand.
5:00 of 1st overtime period - Deke by David Legwand.
5:00 of 1st overtime period - Shot Misses the Net.
Back to the Top